Map: Bel'Shir Vestige LE (Void)

Players

PtitDrogo - Winner!

  • Race: Protoss Protoss
  • Spawn Location: 5:00

Mokomi

  • Race: Protoss Protoss
  • Spawn Location: 11:00

Event: WCS Austin 2017

VOD

Have the link to the VOD?

Description

Time

  • Played on: April 28, 2017, 1:22 p.m.
  • Length: 10:33

All games in this series

Show
View Real Time Build Order
Export as new Build Order

PtitDrogo Protoss - Winner!

Build Orders:  

Get SALT Encoding   

  12  0:01  Probe (Chrono Boost)  
  13  0:11  Probe (Chrono Boost)  
  14  0:17  Pylon  
  14  0:22  Probe (Chrono Boost)  
  15  0:35  Probe (Chrono Boost)  
  16  0:36  Gateway  
  16  0:41  Assimilator  
  16  0:46  Probe (Chrono Boost)  
  17  0:57  Probe (Chrono Boost)  
  18  0:58  Assimilator  
  18  1:06  Gateway  
  18  1:07  Probe (Chrono Boost)  
  19  1:18  Probe (Chrono Boost)  
  20  1:23  Cybernetics Core  
  20  1:28  Probe (Chrono Boost)  
  20  1:29  Pylon  
  21  1:39  Probe (Chrono Boost)  
  22  1:45  Warp Gate  
  22  1:49  Probe (Chrono Boost)  
  23  1:59  Stalker x2  
  29  2:10  Mothership Core (Chrono Boost)  
  29  2:14  Pylon  
  28  2:33  Stalker x2  
  33  2:37  Probe (Chrono Boost)  
  33  2:49  Probe (Chrono Boost)  
  34  3:02  Nexus  
  33  3:14  Stalker  
  33  3:15  Stalker  
  37  3:27  Robotics Facility  
  37  3:36  Pylon  
  33  4:00  Probe (Chrono Boost), Sentry x2  
  38  4:12  Observer  
  38  4:13  Probe (Chrono Boost)  
  40  4:17  Probe (Chrono Boost)  
  42  4:25  Probe (Chrono Boost), Stalker x2  
  42  4:28  Probe (Chrono Boost)  
  42  4:30  Observer  
  47  4:37  Probe (Chrono Boost)  
  50  4:38  Probe (Chrono Boost)  
  50  4:47  Gateway x2  
  50  4:49  Probe (Chrono Boost), Pylon  
  50  4:50  Probe (Chrono Boost)  
  52  4:53  Warp Prism  
  54  5:03  Probe (Chrono Boost), Sentry  
  57  5:07  Sentry  
  57  5:08  Probe (Chrono Boost)  
  57  5:13  Pylon  
  61  5:15  Probe (Chrono Boost)  
  61  5:19  Probe (Chrono Boost)  
  62  5:22  Assimilator  
  62  5:25  Assimilator  
  62  5:26  Probe (Chrono Boost)  
  63  5:30  Probe (Chrono Boost)  
  64  5:37  Probe (Chrono Boost)  
  64  5:40  Probe (Chrono Boost)  
  66  5:48  Probe (Chrono Boost)  
  63  5:55  Probe (Chrono Boost), Adept x4  
  70  5:58  Probe (Chrono Boost)  
  71  6:15  Probe (Chrono Boost), Immortal  
  71  6:16  Adept  
  78  6:19  Pylon  
  78  6:22  Pylon  
  78  6:23  Adept x2  
  78  6:36  Adept x2  
  73  6:47  Probe (Chrono Boost)  
  73  6:50  Twilight Council, Adept x2  
  77  6:55  Immortal  
  79  7:27  Resonating Glaives  
  79  7:28  Stalker x4  
  86  7:31  Immortal  
  90  7:37  Forge  
  90  7:42  Gateway x2  
  90  7:44  Templar Archives  
  90  7:55  Adept x2  
  94  7:58  Pylon  
  94  7:59  Pylon  
  94  8:14  Observer  
  95  8:21  Adept x4  
  95  8:24  Protoss Ground Weapons Level 1  
  97  8:37  Probe (Chrono Boost)  
  97  8:40  Photon Cannon  
  96  8:46  High Templar x2  
  96  8:47  Adept x4  
  108  8:51  Archon  
  108  9:00  Nexus  
  108  9:02  Pylon x2  
  108  9:10  Adept  
  110  9:20  Immortal  
  114  9:29  Adept x5  
  114  9:31  Adept  
  124  9:53  Adept  
  124  10:01  Adept  
  126  10:08  Adept  
  126  10:11  Pylon  
  126  10:12  Pylon  
  126  10:25  Adept x5  
Show
View Real Time Build Order
Export as new Build Order

Mokomi Protoss 

Build Orders: Dark Templar Rush 

Get SALT Encoding   

  12  0:00  Probe (Chrono Boost)  
  13  0:11  Probe (Chrono Boost)  
  14  0:18  Pylon  
  14  0:22  Probe (Chrono Boost)  
  15  0:36  Probe (Chrono Boost), Gateway  
  15  0:41  Assimilator  
  16  0:47  Probe (Chrono Boost)  
  17  0:50  Assimilator  
  17  0:57  Probe (Chrono Boost)  
  18  1:08  Gateway  
  19  1:11  Probe (Chrono Boost)  
  19  1:22  Probe (Chrono Boost)  
  19  1:23  Cybernetics Core  
  20  1:32  Probe (Chrono Boost)  
  21  1:38  Pylon  
  21  1:43  Probe (Chrono Boost)  
  21  1:46  Warp Gate  
  22  1:54  Probe (Chrono Boost)  
  23  1:59  Adept x2  
  27  2:11  Twilight Council  
  28  2:24  Pylon  
  28  2:28  Stalker  
  30  2:33  Stalker  
  31  2:47  Dark Shrine  
  31  2:54  Gateway  
  31  3:20  Mothership Core (Chrono Boost)  
  29  3:34  Pylon  
  29  3:55  Nexus  
  27  3:59  Pylon  
  27  4:00  Dark Templar x2  
  29  4:04  Probe (Chrono Boost)  
  30  4:12  Robotics Facility  
  30  4:21  Probe (Chrono Boost)  
  31  4:42  Probe (Chrono Boost)  
  30  4:51  Sentry x2  
  34  4:53  Probe (Chrono Boost)  
  34  4:58  Immortal, Gateway  
  35  5:05  Probe (Chrono Boost)  
  40  5:09  Probe (Chrono Boost)  
  41  5:17  Probe (Chrono Boost), Adept x2  
  46  5:26  Assimilator, Probe (Chrono Boost)  
  47  5:35  Probe (Chrono Boost)  
  48  5:39  Adept  
  52  5:49  Adept  
  54  5:51  Immortal  
  52  6:02  Probe (Chrono Boost), Pylon, Adept  
  55  6:10  Adept x2  
  51  6:20  Probe (Chrono Boost)  
  51  6:21  Probe (Chrono Boost)  
  48  6:35  Stalker x3  
  49  6:43  Probe (Chrono Boost)  
  49  6:44  Probe (Chrono Boost)  
  49  6:53  Probe (Chrono Boost)  
  49  6:54  Observer  
  50  6:56  Probe (Chrono Boost)  
  52  7:04  Probe (Chrono Boost)  
  51  7:11  Adept x2  
  51  7:12  Adept  
  55  7:20  Probe (Chrono Boost)  
  53  7:29  Probe (Chrono Boost)  
  54  7:32  Probe (Chrono Boost)  
  55  7:40  Probe (Chrono Boost)  
  57  7:44  Probe (Chrono Boost)  
  57  7:49  Adept  
  57  7:50  Probe (Chrono Boost)  
  60  7:56  Probe (Chrono Boost)  
  61  8:01  Probe (Chrono Boost)  
  56  8:20  Immortal  
  56  8:22  Probe (Chrono Boost)  
  56  8:24  Adept x3  
  65  8:31  Probe (Chrono Boost)  
  64  8:37  Probe (Chrono Boost)  
  65  8:41  Probe (Chrono Boost)  
  65  8:45  Sentry  
  69  8:49  Probe (Chrono Boost)  
  69  8:52  Probe (Chrono Boost)  
  70  8:58  Pylon  
  70  9:07  Pylon  
  70  9:12  Templar Archives  
  71  9:18  Probe (Chrono Boost)  
  71  9:33  Adept x3  
  77  9:57  Adept x3  
  77  9:58  Adept  
  80  10:03  Probe (Chrono Boost)  
  80  10:05  Probe (Chrono Boost)  
  67  10:27  Adept  
  67  10:28  Adept  
Tags
 
Add a new tag
Caveats
  • Supply blocks, unpowered buildings, or Contaminate may cause inaccurate times.
  • Supply counts are checked every 10 seconds.